 Dungeon Crawl Stone Soup version 0.28.0-43-g3370ac3207 (webtiles) character file.

Game seed: 8581617269874546063

56 Kintaro the Conjurer (level 3, -3/15 HPs)
             Began as a Felid Conjurer on Mar 27, 2022.
             Was a Believer of Lugonu.
             Slain by an adder (5 damage)
             ... on level 3 of the Dungeon.
             The game lasted 00:12:00 (2700 turns).

Kintaro the Conjurer (Felid Conjurer)               Turns: 2700, Time: 00:12:01

Health: -3/15      AC:  1    Str:  5    XL:     3   Next: 71%
Magic:  0/7        EV: 17    Int: 19    God:    Lugonu [**....]
Gold:   111        SH:  0    Dex: 14    Spells: 0/6 levels left
                                        Lives:  0   Deaths: 1

rFire   + . .      SeeInvis +     - Unarmed
rCold   + . .      Faith    .   (shield unavailable)
rNeg    . . .      Spirit   .   (armour unavailable)
rPois   +          Reflect  .   (helmet unavailable)
rElec   +          Harm     .   (cloak unavailable)
rCorr   +          Rampage  .   (gloves unavailable)
Will    .....                   (boots unavailable)
Stlth   ++........              (no amulet)
HPRegen 0.05/turn               (no ring)
MPRegen 0.10/turn               (no ring)

@: brilliant, resistant, hasted, very quick
A: very small, claws 1, fangs 3, see invisible, speed 1, shaggy fur 1, stealthy
paws, no weapons or thrown items, no armour, multi-lived
a: Renounce Religion, Depart the Abyss, Bend Space


You were on level 3 of the Dungeon.
You worshipped Lugonu.
Lugonu was pleased with you.
You visited 1 branch of the dungeon, and saw 3 of its levels.

You collected 111 gold pieces.

Inventory:

Scrolls
 a - a scroll of fog
Potions
 c - a potion of flight {unknown}


   Skills:
 * Level 0.7 Fighting
 * Level 3.0 Dodging
 * Level 3.7 Stealth
 * Level 1.1 Unarmed Combat
 * Level 2.4 Spellcasting
 * Level 4.6 Conjurations


You couldn't memorise any spells.
You knew the following spells:

 Your Spells              Type           Power      Damage    Failure   Level
a - Magic Dart            Conj           100%       1d8       2%          1
b - Searing Ray           Conj           58%        2d6       3%          2
c - Fulminant Prism       Conj/Hex       8%         3d7       52%         4

Your spell library contained the following spells:

 Spells                   Type           Power      Damage    Failure   Level
 Dazzling Flash           Conj/Hex       32%        N/A       19%         3
 Iskenderun's Mystic Bla  Conj/Tloc      16%        2d5       52%         4


Dungeon Overview and Level Annotations

Branches:
Dungeon (3/15)

Altars:
Lugonu


Innate Abilities, Weirdness & Mutations

You have sharp claws.
You have razor-sharp teeth.
You have supernaturally acute eyesight. (SInv)
You cover ground quickly. (Speed+)
You are covered in fur. (AC +1)
Your paws help you pounce on unaware monsters.
You are incapable of wielding weapons or throwing items.
You cannot wear armour.
You gain extra lives every three experience levels.


Message History

You scratch the adder.
The adder is moderately wounded.
The adder bites you.
You are poisoned.
The adder poisons you!
You scratch the adder.
The adder is moderately wounded.
You feel sick. The adder misses you.
You scratch the adder. Your bite misses the adder.
The adder is moderately wounded.
You feel sick. The adder completely misses you.
You closely miss the adder.
The adder is moderately wounded.
You feel sick.
You closely miss the adder. Your bite misses the adder.
The adder is moderately wounded.
The adder misses you.
Casting: Searing Ray (safe; 3% risk of failure)
Confirm with . or Enter, or press ? or * to list all spells.
Aiming: Magic Dart (safe; 2% risk of failure)
Press: ? - help, Shift-Dir - straight line, f/p - adder
Aim: an adder (moderately wounded, 100% to hit)
The magic dart hits the adder.
The adder is severely wounded.
You feel sick. The adder closely misses you.
You closely miss the adder.
The adder is severely wounded.
You feel sick. The adder closely misses you.
You closely miss the adder.
The adder is severely wounded.
The adder closely misses you.
It was a potion of resistance.
You feel protected.
You feel sick.
You are no longer poisoned.
The adder completely misses you.
It was a potion of brilliance.
You feel clever all of a sudden. The adder bites you.
You die...

#.# #. ###.# #.# #. #..
#.# #.######.# #.#
##.........
#.#+####+####+#..######)#
#..............#........#
#.......................#
##.............##.......#
##+####@####+###.#####.#
#..S..# #.# #.# #.....#
#.# #.# #..†..# #.# #.#
#..)..# #.# #.# +.....'
#.# #.# #+###+## #.# #†#
#.#####.. #........


You could see an adder.

Vanquished Creatures
  4 gnolls (D:2)
  3 adders
  A dart slug (D:2)
  2 ball pythons
  5 endoplasms
  2 giant cockroaches
  4 goblins
  4 hobgoblins
  2 jackals (D:2)
  2 quokkas
  3 bats
  2 frilled lizards
  6 kobolds
  8 rats
48 creatures vanquished.

Vanquished Creatures (others)
  A fulminant prism (D:3)
  4 plants (D:2)
5 creatures vanquished.

Grand Total: 53 creatures vanquished

Notes
Turn   | Place    | Note
-------+----------+-------------------------------------------
     0 | D:1      | Kintaro the Felid Conjurer began the quest for the Orb.
     0 | D:1      | Reached XP level 1. HP: 7/7 MP: 4/4
   297 | D:1      | Reached XP level 2. HP: 11/11 MP: 3/6
   300 | D:1      | Learned a level 2 spell: Searing Ray
   317 | D:1      | Reached skill level 4 in Conjurations
  1307 | D:2      | Reached XP level 3. HP: 14/14 MP: 2/7
  1484 | D:2      | Reached XP level 4. HP: 12/18 MP: 4/8
  1507 | D:2      | Learned a level 4 spell: Fulminant Prism
  2147 | D:2      | Reached skill level 1 in Unarmed Combat
  2522 | D:3      | Found a faded altar of an unknown god.
  2566 | D:3      | Prayed at the altar of an unknown god.
  2566 | D:3      | Became a worshipper of Lugonu the Unformed
  2566 | D:3      | Reached * piety under Lugonu
  2566 | D:3      | Reached ** piety under Lugonu
  2625 | D:3      | Slain by a jelly
  2626 | D:3      | Reached XP level 3. HP: 0/15 MP: 1/7
  2700 | D:3      | Slain by an adder

Illustrated notes

Levels and vault maps discovered:
D:1:      dpeg_arrival_morbid_curiosity, layout_rooms, kennysheep_small_spiral
D:2:      layout_loops_ring, serial_bayou, serial_bayou_pond_a,
          serial_bayou_pond_b, serial_bayou_ford_a, serial_bayou_pond_c,
          nicolae_elevator_lobby_asterisk
D:3:      layout_basic, mainiacjoe_overflow_paths,
          ebering_ecumenical_altar_sacrificial, chequers_jeans,
          roderic_lattice_a, st_stairs_6, minmay_snake_closets

Skill      XL: |  1  2  3  4 |
---------------+-------------+-----
Conjurations   | 4 |  4.6
Stealth        | 3 |  3.7
Unarmed Combat | 1 |  1.1
Dodging        | 3 |  3.0
Fighting       | |  0.7
Spellcasting   | |  2.4

Action                   |  1- 3 |  4- 6 || total
-------------------------+-------+-------++-------
Melee: Unarmed           |    15 |     3 ||    18
       Bite              |     1 |       ||     1
 Cast: Magic Dart        |    24 |     1 ||    25
       Searing Ray       |    15 |    14 ||    29
       Fulminant Prism   |       |     1 ||     1
  Use: Scroll            |     1 |     4 ||     5
       Potion            |     3 |       ||     3
 Stab: Sleeping          |     1 |       ||     1
Armor: Skin              |     3 |     1 ||     4
Dodge: Dodged            |    50 |    23 ||    73
